 Dungeon Crawl Stone Soup version 0.27.1-34-g3ba077fa99 (webtiles) character file.

Game seed: 10380950188992857639

44 Descartes the Grasshopper (level 3, -4/16 HPs)
             Began as a Felid Warper on Jan 22, 2022.
             Was a Follower of Wu Jian.
             Killed from afar by Natasha (7 damage)
             ... with a magic dart
             ... on level 2 of the Dungeon.
             The game lasted 00:03:12 (1806 turns).

Descartes the Grasshopper (Felid Warper)            Turns: 1806, Time: 00:03:13

Health: -4/16      AC:  1    Str:  8    XL:     3   Next: 39%
Magic:  7/7        EV: 18    Int: 14    God:    Wu Jian [*.....]
Gold:   25         SH:  0    Dex: 15    Spells: 6/6 levels left
                                        Lives:  0   Deaths: 0

rFire    . . .     SeeInvis +     - Unarmed
rCold    . . .     Faith    .   (shield unavailable)
rNeg     . . .     Spirit   .   (armour unavailable)
rPois    .         Reflect  .   (helmet unavailable)
rElec    .         Harm     .   (cloak unavailable)
rCorr    .         Rampage  .   (gloves unavailable)
Will     .....                  (boots unavailable)
Stlth    ++........             (no amulet)
HPRegen  0.05/turn              (no ring)
MPRegen  0.10/turn              (no ring)

@: slowed, slow
A: very small, claws 1, fangs 3, see invisible, speed 1, shaggy fur 1, stealthy
paws, no weapons or thrown items, no armour, multi-lived
a: Renounce Religion


You were on level 2 of the Dungeon.
You worshipped Wu Jian.
Wu Jian was aware of your devotion.
You visited 1 branch of the dungeon, and saw 2 of its levels.

You collected 25 gold pieces.

Inventory:

Scrolls
 a - a scroll of blinking
 c - a scroll of amnesia {unknown}
Potions
 b - a potion of haste {unknown}
 d - 3 potions of curing {unknown}


   Skills:
 - Level 2.0 Fighting
 + Level 3.8 Dodging
 + Level 2.0 Stealth
 + Level 2.6 Unarmed Combat
 - Level 2.0 Spellcasting
 - Level 5.0 Translocations


You had 6 spell levels left.
You didn't know any spells.
Your spell library contained the following spells:

 Spells                   Type           Power      Damage    Failure   Level
 Blink                    Tloc           N/A        N/A       4%          2
 Gell's Gravitas          Tloc           7%         N/A       9%          3
 Lesser Beckoning         Tloc           7%         N/A       9%          3
 Teleport Other           Tloc           15%        N/A       9%          3
 Freeze                   Ice            4%         1d3       24%         1
 Frozen Ramparts          Ice            2%         1d2       56%         3
 Manifold Assault         Tloc           15%        N/A       63%         5
 Hailstorm                Conj/Ice       1%         3d3       93%         4


Dungeon Overview and Level Annotations

Branches:
Dungeon (2/15)

Altars:
Wu Jian

Annotations:
D:2 Natasha


Innate Abilities, Weirdness & Mutations

You have sharp claws.
You have razor-sharp teeth.
You have supernaturally acute eyesight. (SInv)
You cover ground quickly. (Speed+)
You are covered in fur. (AC +1)
Your paws help you pounce on unaware monsters.
You are incapable of wielding weapons or throwing items.
You cannot wear armour.
You gain extra lives every three experience levels.


Message History

The worm is lightly wounded.
The worm bites you.
* * * LOW HITPOINT WARNING * * *
You see here a +0 club.
A worm is nearby!
A worm is nearby!
HP restored.
Done exploring.
Things that are here:
4 stones; a +0 club
There is a stone staircase leading down here.
You climb downwards.
Found a stone staircase leading up.
There is a stone staircase leading up here.
You pounce on the unaware helpless Natasha!
You claw Natasha!
Natasha is heavily wounded.
Natasha claws you!
Ouch! That really hurt!
You barely miss Natasha.
Natasha is heavily wounded.
Natasha barely misses you.
You closely miss Natasha.
Natasha is heavily wounded.
Natasha closely misses you.
You miss Natasha.
Natasha is heavily wounded.
Natasha stares at you and mumbles some strange words.
You feel yourself slow down.
You barely miss Natasha. You bite Natasha.
Natasha is severely wounded.
Natasha misses you. Natasha casts a spell at you. The magic dart hits you.
* * * LOW HITPOINT WARNING * * *
You scratch Natasha but do no damage.
Natasha is severely wounded.
Natasha casts a spell at you. The magic dart hits you!
You die...

### . .. ...
.#
.....###.##.#
#....@h...#
#.####.####
.# .. ...
.... .....
..<..#


You could see Natasha.

Vanquished Creatures
  A gnoll (D:1)
  2 dart slugs (D:1)
  2 ball pythons (D:1)
  2 bats (D:1)
  2 endoplasms (D:1)
  2 giant cockroaches (D:1)
  A goblin (D:1)
  6 hobgoblins
  3 kobolds (D:1)
  2 quokkas (D:1)
  4 frilled lizards (D:1)
  A rat (D:1)
28 creatures vanquished.

Notes
Turn   | Place    | Note
-------+----------+-------------------------------------------
     0 | D:1      | Descartes the Felid Warper began the quest for the Orb.
     0 | D:1      | Reached XP level 1. HP: 9/9 MP: 4/4
   101 | D:1      | Reached skill level 1 in Stealth
   358 | D:1      | Reached XP level 2. HP: 3/13 MP: 6/6
   930 | D:1      | Reached XP level 3. HP: 14/16 MP: 7/7
  1092 | D:1      | Found a faded altar of an unknown god.
  1096 | D:1      | Became a worshipper of the Wu Jian Council
  1096 | D:1      | Reached * piety under Wu Jian
  1172 | D:1      | Reached skill level 5 in Translocations
  1800 | D:2      | Noticed Natasha
  1806 | D:2      | Killed from afar by Natasha

Illustrated notes

Levels and vault maps discovered:
D:1:      amcnicky_arrival_flooded_fountain, layout_loops_ring,
          basic_ecumenical_altar
D:2:      layout_loops_cross, serial_shops, shop, minmay_cut_off, uniq_natasha

Skill      XL: |  1  2  3 |
---------------+----------+-----
Stealth        | 1 2 |  2.0
Translocations | 5 |  5.0
Fighting       | |  2.0
Dodging        | |  3.8
Unarmed Combat | |  2.6
Spellcasting   | |  2.0

Action                   || total
-------------------------++-------
Melee: Unarmed           ||   110
       Bite              ||     8
Invok: Lunge             ||     7
 Stab: Sleeping          ||     6
Dodge: Dodged            ||    78
